Map: 世界主宰-天梯版

Players

wanted

  • Race: Zerg Zerg

iGMacSed (MacSed) - Winner!

  • Race: Protoss Protoss
  • League: Master

Event: DreamHack SC2 Masters 2021 Winter

VOD

Have the link to the VOD?

Description

Time

  • Played on: Oct. 6, 2021, 9:26 a.m.
  • Length: 17:35

All games in this series

Show
View Real Time Build Order
Export as new Build Order

wanted Zerg 

Build Orders: Hatch First, Lurkers 

Get SALT Encoding   

  12  0:00  Drone  
  13  0:08  Drone  
  14  0:17  Overlord  
  14  0:22  Extractor  
  14  0:23  Drone  
  15  0:36  Drone x2  
  17  0:52  Hatchery  
  17  0:55  Drone  
  17  0:58  Drone  
  18  1:08  Extractor  
  17  1:12  Spawning Pool  
  17  1:16  Drone  
  17  1:19  Drone  
  18  1:26  Drone  
  19  1:37  Overlord  
  19  1:47  Drone  
  20  1:59  Queen  
  20  2:00  Zergling x2  
  23  2:03  Queen  
  23  2:04  Zergling x2  
  26  2:09  Drone  
  26  2:10  Metabolic Boost  
  26  2:14  Drone  
  28  2:20  Drone  
  29  2:27  Drone  
  30  2:39  Queen  
  30  2:43  Hatchery  
  31  2:45  Zergling x2  
  32  2:53  Overlord  
  32  2:54  Overlord  
  32  3:00  Drone x2  
  34  3:10  Drone x2  
  34  3:12  Drone x2  
  38  3:14  Drone x2  
  38  3:19  Queen  
  42  3:25  Zergling x4  
  44  3:32  Overlord  
  44  3:34  Queen  
  44  3:40  Overlord  
  46  3:45  Drone x3  
  49  3:52  Spore Crawler  
  49  3:53  Spore Crawler  
  47  3:58  Drone x3  
  47  3:59  Drone  
  51  4:03  Overlord  
  51  4:05  Drone  
  52  4:10  Drone x3  
  52  4:14  Drone x2  
  57  4:19  Queen  
  59  4:24  Drone x2  
  59  4:31  Drone x2  
  62  4:36  Overlord  
  62  4:37  Roach Warren  
  60  4:39  Drone x3  
  60  4:41  Drone  
  64  4:46  Drone  
  64  4:47  Spore Crawler  
  64  4:49  Lair  
  64  4:51  Extractor  
  63  4:56  Extractor  
  63  4:57  Queen  
  63  4:58  Queen, Extractor  
  65  5:05  Drone, Overlord  
  65  5:06  Overlord  
  66  5:18  Roach x5  
  66  5:19  Overlord  
  76  5:23  Roach  
  76  5:25  Roach  
  79  5:30  Roach  
  79  5:31  Roach  
  79  5:33  Roach  
  83  5:38  Zergling x10  
  83  5:41  Zergling x2  
  83  5:42  Zergling x2  
  90  5:46  Overseer  
  90  5:47  Ravager x3  
  90  5:49  Zergling x4  
  94  5:54  Overlord x2  
  94  5:57  Ravager  
  95  5:58  Zergling x4  
  95  6:04  Ravager, Zergling x6  
  98  6:07  Ravager  
  98  6:09  Zergling x4  
  103  6:16  Ravager, Overlord  
  103  6:17  Zergling x6  
  106  6:22  Zergling x6  
  109  6:31  Ravager x2  
  109  6:32  Zergling x2  
  111  6:39  Queen x2  
  107  6:40  Zergling x6  
  107  6:45  Queen  
  108  6:50  Zergling x6  
  104  7:00  Ravager  
  99  7:05  Zergling x12  
  100  7:12  Zergling x4  
  100  7:14  Queen  
  100  7:15  Queen  
  101  7:24  Queen  
  101  7:27  Hydralisk Den  
  97  7:30  Overseer  
  93  7:39  Drone x7  
  90  7:49  Drone x2, Evolution Chamber  
  90  7:50  Queen  
  89  8:00  Grooved Spines  
  89  8:02  Hydralisk  
  89  8:03  Hydralisk x4  
  99  8:07  Hydralisk, Spore Crawler  
  99  8:08  Spore Crawler  
  99  8:13  Overlord  
  99  8:14  Drone x2  
  99  8:16  Drone  
  102  8:24  Drone x6  
  107  8:30  Drone  
  107  8:32  Drone x4  
  107  8:36  Glial Reconstitution  
  107  8:37  Zerg Missile Weapons Level 1  
  107  8:38  Drone  
  106  8:49  Extractor  
  106  8:51  Hydralisk x4  
  113  8:58  Extractor  
  113  8:59  Overlord x3  
  113  9:02  Hydralisk x2  
  116  9:10  Hatchery  
  116  9:14  Overseer  
  116  9:15  Drone x2, Overlord  
  117  9:21  Zergling x2  
  117  9:23  Hydralisk x3  
  124  9:34  Overlord x2  
  124  9:39  Drone x8  
  124  9:45  Muscular Augments  
  132  9:48  Overlord  
  132  9:54  Hydralisk x4  
  136  10:02  Hydralisk x4  
  144  10:13  Hydralisk x3, Overlord  
  150  10:21  Hydralisk x3  
  150  10:28  Pneumatized Carapace, Infestation Pit  
  156  10:33  Hydralisk  
  156  10:34  Hydralisk x3  
  156  10:35  Zergling x2  
  160  10:46  Roach x7  
  174  11:00  Zergling x14  
  177  11:07  Roach x7  
  177  11:08  Roach  
  177  11:09  Extractor  
  177  11:10  Overseer  
  188  11:15  Hydralisk x4  
  195  11:20  Zerg Missile Weapons Level 2  
  186  11:27  Infestor x2  
  186  11:29  Overlord  
  190  11:33  Overlord  
  190  11:34  Drone  
  190  11:39  Overlord  
  187  11:48  Infestor  
  187  11:49  Hive  
  187  11:51  Lurker Den  
  187  11:53  Hydralisk x5  
  175  11:59  Hydralisk x2  
  168  12:02  Queen  
  168  12:04  Zergling x8  
  162  12:13  Hydralisk x4  
  149  12:26  Hydralisk x6  
  140  12:37  Drone x8  
  140  12:39  Extractor  
  140  12:43  Overseer  
  147  12:52  Lurker x2  
  147  12:53  Queen, Lurker x2  
  153  13:00  Hydralisk x2  
  153  13:01  Hydralisk  
  153  13:02  Zergling x2  
  160  13:06  Hatchery  
  160  13:08  Zergling x10  
  164  13:17  Viper  
  164  13:18  Queen x2  
  171  13:24  Viper  
  174  13:28  Drone x3  
  174  13:33  Spore Crawler, Seismic Spines  
  174  13:34  Spore Crawler x2  
  175  13:35  Hydralisk  
  176  13:41  Spore Crawler  
  176  13:43  Hydralisk  
  176  13:44  Hydralisk x3  
  169  13:56  Hydralisk x5  
  169  13:59  Lurker  
  169  14:00  Lurker  
  181  14:15  Hydralisk x7  
  182  14:21  Zergling x12  
  183  14:30  Lurker x2  
  183  14:31  Lurker  
  183  14:38  Hydralisk x4  
  179  14:45  Zergling x18  
  194  14:54  Overseer  
  194  15:03  Zergling x10  
  194  15:06  Spore Crawler x2  
  188  15:09  Spore Crawler x2  
  188  15:10  Drone x4  
  188  15:14  Spore Crawler  
  189  15:16  Viper  
  189  15:17  Viper x2  
  198  15:27  Spine Crawler  
  197  15:29  Spine Crawler  
  196  15:41  Lurker  
  196  15:42  Lurker x3  
  200  16:02  Hatchery  
  199  16:05  Overseer  
  199  16:08  Adaptive Talons  
  195  16:15  Evolution Chamber  
  194  16:20  Spore Crawler  
  194  16:21  Spore Crawler  
  155  16:26  Hydralisk x12  
  155  16:31  Hydralisk  
  148  16:38  Hydralisk x3  
  127  16:46  Overseer x2  
  121  16:49  Hydralisk x2  
  115  17:01  Zergling x14  
  115  17:08  Zergling x4  
Show
View Real Time Build Order
Export as new Build Order

iGMacSed Protoss - Winner!

Build Orders: 1 Gate Expand, Oracle Opening, Carriers 

Get SALT Encoding   

  12  0:00  Probe  
  13  0:12  Probe  
  14  0:20  Pylon  
  14  0:25  Probe  
  15  0:38  Probe (Chrono Boost)  
  15  0:42  Gateway  
  16  0:47  Probe (Chrono Boost)  
  16  0:49  Assimilator  
  17  0:52  Probe (Chrono Boost)  
  18  1:04  Probe  
  19  1:16  Probe  
  20  1:27  Nexus  
  20  1:38  Cybernetics Core  
  20  1:41  Probe  
  20  1:45  Assimilator  
  21  1:53  Probe  
  22  1:56  Pylon  
  22  2:05  Probe  
  23  2:11  Adept (Chrono Boost)  
  25  2:17  Probe  
  25  2:20  Stargate  
  26  2:30  Probe (Chrono Boost)  
  26  2:34  Adept  
  29  2:41  Probe (Chrono Boost)  
  29  2:42  Probe (Chrono Boost)  
  31  2:49  Probe x2 (Chrono Boost)  
  33  2:54  Probe (Chrono Boost)  
  33  2:55  Void Ray (Chrono Boost)  
  33  2:56  Probe  
  39  3:06  Probe  
  39  3:08  Probe  
  39  3:09  Pylon  
  41  3:17  Gateway  
  41  3:18  Probe  
  42  3:21  Probe  
  43  3:30  Probe, Oracle (Chrono Boost)  
  43  3:33  Probe  
  48  3:42  Probe  
  48  3:45  Probe  
  50  3:54  Nexus, Probe  
  51  3:56  Pylon  
  51  4:00  Probe  
  52  4:05  Assimilator  
  52  4:07  Assimilator, Probe  
  53  4:12  Probe, Stargate  
  54  4:19  Probe  
  54  4:20  Forge  
  54  4:24  Probe  
  56  4:25  Shield Battery  
  56  4:26  Void Ray (Chrono Boost)  
  56  4:31  Protoss Air Weapons Level 1, Probe  
  57  4:36  Probe  
  62  4:44  Pylon  
  62  4:49  Pylon  
  62  4:53  Void Ray (Chrono Boost)  
  62  5:05  Probe x2 (Chrono Boost)  
  72  5:07  Void Ray (Chrono Boost), Probe (Chrono Boost)  
  72  5:12  Robotics Facility  
  73  5:17  Probe (Chrono Boost)  
  73  5:18  Probe x2 (Chrono Boost)  
  76  5:22  Probe (Chrono Boost), Pylon  
  76  5:26  Probe x2  
  79  5:31  Shield Battery  
  79  5:34  Probe  
  79  5:35  Void Ray (Chrono Boost)  
  84  5:38  Probe x2  
  84  5:39  Photon Cannon  
  84  5:42  Void Ray (Chrono Boost)  
  86  5:46  Probe  
  91  5:55  Photon Cannon  
  91  5:56  Photon Cannon  
  93  5:58  Photon Cannon  
  93  6:00  Pylon  
  93  6:02  Shield Battery  
  93  6:04  Photon Cannon  
  91  6:06  Void Ray (Chrono Boost), Shield Battery  
  91  6:12  Photon Cannon, Shield Battery  
  99  6:23  Pylon  
  99  6:35  Void Ray  
  99  6:37  Void Ray  
  107  6:55  Photon Cannon  
  107  6:57  Photon Cannon  
  107  7:01  Photon Cannon  
  107  7:02  Pylon  
  107  7:04  Photon Cannon  
  107  7:06  Photon Cannon  
  101  7:08  Photon Cannon  
  101  7:12  Void Ray (Chrono Boost)  
  97  7:22  Void Ray (Chrono Boost)  
  91  7:39  Probe  
  91  7:44  Gateway x2, Probe  
  93  7:51  Gateway, Probe  
  93  7:53  Gateway, Nexus  
  93  7:55  Gateway  
  93  7:57  Gateway  
  94  8:02  Fleet Beacon  
  94  8:06  Pylon  
  94  8:18  Void Ray x2 (Chrono Boost)  
  94  8:21  Probe  
  94  8:22  Probe  
  97  8:27  Pylon  
  97  8:29  Pylon  
  97  8:33  Probe  
  96  8:38  Photon Cannon  
  96  8:39  Photon Cannon  
  96  8:41  Cybernetics Core  
  96  8:49  Probe  
  96  8:50  Assimilator  
  96  8:52  Assimilator  
  103  9:11  Carrier (Chrono Boost)  
  103  9:19  Warp Gate  
  103  9:27  Carrier (Chrono Boost)  
  103  9:31  Gateway  
  109  9:33  Gateway  
  109  9:35  Gateway  
  109  9:38  Robotics Facility  
  109  9:54  Probe  
  109  9:55  Pylon x2  
  106  10:00  Probe  
  106  10:05  Shield Battery  
  107  10:07  Carrier (Chrono Boost)  
  107  10:08  Shield Battery  
  113  10:14  Probe  
  113  10:15  Void Ray (Chrono Boost)  
  113  10:20  Pylon  
  118  10:26  Robotics Bay  
  110  10:40  Robotics Facility  
  110  10:46  Carrier (Chrono Boost)  
  110  10:49  Pylon  
  116  10:53  Shield Battery  
  116  10:54  Shield Battery  
  116  11:06  Carrier (Chrono Boost)  
  119  11:16  Stalker x5  
  132  11:21  Disruptor (Chrono Boost)  
  132  11:29  Observer (Chrono Boost)  
  133  11:33  Zealot x3  
  145  11:40  Carrier  
  148  11:51  Disruptor (Chrono Boost)  
  144  11:55  Disruptor (Chrono Boost)  
  137  12:09  Zealot x3  
  137  12:13  Zealot x2  
  144  12:26  Disruptor (Chrono Boost)  
  144  12:29  Zealot  
  149  12:36  Observer (Chrono Boost)  
  147  12:40  Sentry x2  
  147  12:41  Gateway  
  147  12:42  Sentry  
  147  12:43  Gateway  
  153  12:57  Disruptor (Chrono Boost)  
  156  13:08  Pylon  
  156  13:09  Pylon  
  156  13:17  Nexus  
  156  13:25  Pylon  
  159  13:28  Disruptor (Chrono Boost)  
  159  13:31  Zealot x6  
  159  13:32  Zealot  
  172  13:37  Pylon  
  172  13:44  Disruptor (Chrono Boost)  
  156  14:06  Disruptor (Chrono Boost)  
  156  14:09  Zealot x3  
  162  14:11  Disruptor (Chrono Boost)  
  162  14:16  Carrier  
  165  14:24  Zealot x2  
  175  14:37  Disruptor (Chrono Boost)  
  166  14:58  Disruptor (Chrono Boost)  
  166  14:59  Carrier (Chrono Boost)  
  166  15:06  Nexus  
  166  15:13  Pylon  
  172  15:14  Disruptor (Chrono Boost)  
  175  15:23  Disruptor (Chrono Boost)  
  173  15:41  Observer  
  173  15:51  Observer  
  171  16:02  Disruptor (Chrono Boost)  
  174  16:09  Disruptor (Chrono Boost)  
  173  16:29  Disruptor (Chrono Boost)  
  164  16:37  Disruptor  
  150  16:50  Zealot x4  
  150  16:51  Zealot x3  
  160  17:04  Observer  

Tags
 
Add a new tag
Caveats
  • Supply blocks, unpowered buildings, or Contaminate may cause inaccurate times.
  • Supply counts are checked every 10 seconds.